 Dungeon Crawl Stone Soup version 0.25-a0-663-gace7076f2c (webtiles) character file.

Game seed: 466671296399627814, levelgen mode: deterministic

94 CryoSword the Skirmisher (level 4, 0/49 HPs)
             Began as an Ogre Chaos Knight on Mar 25, 2020.
             Was a Plaything of Xom.
             Slain by Natasha (1 damage)
             ... on level 3 of the Dungeon.
             The game lasted 00:05:01 (2174 turns).

CryoSword the Skirmisher (Ogre Chaos Knight)        Turns: 2174, Time: 00:05:02

Health: 0/49       AC:  5    Str: 16    XL:     4   Next: 63%
Magic:  4/4        EV: 10    Int: 13    God:    Xom [..*...]
Gold:   33         SH:  0    Dex:  9    Spells: 3/3 levels left

rFire    . . .     SeeInvis .   a - +0 mace (chaos)
rCold    . . .     Gourm    .   (no shield)
rNeg     . . .     Faith    .   b - +2 robe
rPois    .         Spirit   .   (helmet restricted)
rElec    .         Reflect  .   (no cloak)
rCorr    .         Harm     .   (gloves unavailable)
MR       .....                  (boots unavailable)
Stlth    +.........             (no amulet)
HPRegen  0.16/turn              (no ring)
MPRegen  0.09/turn              (no ring)

@: slowed, very slow
A: large, unfitting armour, tough skin 1
a: Renounce Religion


You were on level 3 of the Dungeon.
You worshipped Xom.
You were a toy of Xom.
You were not hungry.

You visited 1 branch of the dungeon, and saw 4 of its levels.

You collected 33 gold pieces.

Inventory:

Hand Weapons
 a - a +0 mace of chaos (weapon)
Missiles
 h - 68 stones (quivered)
Armour
 b - a +2 robe (worn)
Scrolls
 d - a scroll of magic mapping
 e - 3 scrolls of remove curse {@r2}
 f - 2 scrolls of identify {@r1}
 g - 2 scrolls of fear
Potions
 j - a potion of heal wounds {unknown}
Comestibles
 c - 4 rations {!d}


   Skills:
 + Level 4.9 Fighting
 * Level 3.9 Maces & Flails
 + Level 2.8 Dodging


You had 3 spell levels left.
You didn't know any spells.
Your spell library contained the following spells:

 Spells                   Type           Power        Failure   Level  Hunger
 Magic Dart               Conj           #...         30%         1    ##.....
 Blink                    Tloc           N/A          43%         2    ###....
 Call Imp                 Summ           #.......     43%         2    ###....
 Slow                     Hex            #.......     43%         2    ###....
 Conjure Flame            Conj/Fire      #.......     67%         3    ####...
 Mephitic Cloud           Conj/Pois/Air  #.......     67%         3    ####...


Dungeon Overview and Level Annotations

Branches:
Dungeon (4/15)
 Temple: D:4-7

Altars:

Shops:
D:4 !

Annotations:
D:3 Natasha


Innate Abilities, Weirdness & Mutations

You are too large for most types of armour.
You have tough skin. (AC +1)


Message History

The gnoll hits you from afar with a +0 halberd!
Things that are here:
a +0 halberd; a gnoll corpse The gnoll barely misses you.
The gnoll hits you with a +0 halberd!
* * * LOW HITPOINT WARNING * * *
You hit the gnoll.
The gnoll seems to speed up.
The gnoll is lightly wounded.
The gnoll barely misses you.
You barely miss the gnoll.
The gnoll is lightly wounded.
The gnoll barely misses you. The gnoll closely misses you.
You hit the gnoll.
The gnoll is heavily wounded.
The gnoll hits you with a +0 halberd.
* * * LOW HITPOINT WARNING * * *
You closely miss the gnoll.
The gnoll is heavily wounded.
The gnoll barely misses you. x2
You barely miss the gnoll.
The gnoll is heavily wounded.
The gnoll hits you with a +0 halberd.
* * * LOW HITPOINT WARNING * * *
You hit the gnoll. Lightning courses through the gnoll!!
You kill the gnoll!
You see here a +0 halberd.
Things that are here:
a +0 halberd; a gnoll corpse You butcher the gnoll corpse.
i - 2 chunks of flesh
Things that are here:
a +0 halberd; a gnoll skeleton
There is a stone staircase leading up here.
You climb upwards.
There is a stone staircase leading down here.
You start resting.
Eating one of 2 chunks of flesh.
You eat one of the 2 chunks of flesh.
This raw flesh tastes terrible.
All of the chunks of flesh in your inventory have rotted away.
HP restored.
You climb downwards.
There is a stone staircase leading up here.
Found a stone staircase leading down.
There is a stone staircase leading down here.
Found a dagger.
You fall into a shaft and drop 2 floors!
The shaft crumbles and collapses.
Natasha, Servant of Life and Death comes into view.
Natasha hisses angrily.
An orc comes into view.
The orc shouts!
Found 15 gold pieces, an emerald potion and an orange potion.
Found Peadoz's Distillery.
Found an escape hatch in the ceiling.
Found a stone staircase leading down.
An iguana comes into view.
An iguana, a goblin, an orc and an orc wizard come into view.
The goblin shouts!
The iguana hisses angrily.
The orc wizard shouts!
The iguana hisses angrily.
You hear a shout! x3
An orc comes into view. It is wielding a +0 hand axe.
A goblin comes into view. It is wielding a +0 dagger. x2
The iguana moves out of view.
Found 13 stones.
The orc shouts!
Found an escape hatch in the floor.
You hit Natasha but do no damage. Natasha closely misses you.
The orc wizard gestures wildly while chanting.
The orc wizard blinks!
Natasha casts a spell at you.
You feel yourself slow down.
Found a stone staircase leading up.
The iguana bites you! The iguana barely misses you.
Natasha wildly gestures.
You feel disoriented.
Natasha mumbles some strange words.
The orc wizard hits you but does no damage.
Natasha casts a spell.
The orc hits you but does no damage.
You hit the orc. You freeze the orc.
You kill the orc!
You hit the orc. You burn the orc.
You kill the orc!
The orc barely misses you.
The orc wizard hits you but does no damage.
The orc wizard barely misses you.
The crimson imp shouts, "Despond, thou pottle-deep dread-bolted coxcomb!"
The crimson imp blinks!
The orc hits you with a +0 hand axe. The goblin barely misses you.
The crimson imp blinks!
The goblin hits you but does no damage.
Things that are here:
a +0 dagger; a +0 leather armour; an orc corpse A leopard gecko skeleton comes into view.
The crimson imp shouts, "Begone, thou gorbellied hell-hated wastrel!"
The leopard gecko skeleton bites you but does no damage.
Natasha closely misses you.
Found a stone staircase leading up.
You hit the leopard gecko skeleton.
The leopard gecko skeleton flickers and vanishes!
Deactivating autopickup; reactivate with Ctrl-A.
The orc barely misses you. Natasha barely misses you.
The crimson imp hits you but does no damage.
Something bites you but does no damage. The orc barely misses you.
You hit something. Natasha casts a spell at you. The magic dart hits you!
The crimson imp hits you. Something bites you but does no damage.
The orc hits you but does no damage.
An orc wizard comes into view. It is wielding a +0 dagger.
Natasha stares at you and mumbles some strange words.
The magic dart hits you.
* * * LOW HITPOINT WARNING * * *
The crimson imp closely misses you. Something bites you.
* * * LOW HITPOINT WARNING * * *
The orc wizard shouts!
You hear a shout! x3
The crimson imp blinks!
Something bites you but does no damage. The orc barely misses you.
Something bites you.
* * * LOW HITPOINT WARNING * * *
Natasha closely misses you.
The orc wizard points at you and mumbles some strange words.
The magic dart hits you.
* * * LOW HITPOINT WARNING * * *
The orc hits you with a +0 hand axe.
* * * LOW HITPOINT WARNING * * *
Found a ration.
There is a stone staircase leading up here.
Natasha barely misses you. The orc barely misses you. Natasha claws you.
* * * LOW HITPOINT WARNING * * *
You climb upwards.
The white imp disappears in a puff of smoke!
The crimson imp disappears in a puff of smoke!
The orc shouts!
The orc wizard shouts!
The orc priest shouts! x2
Reactivating autopickup.
An orc comes into view.
It is wielding a +0 morningstar of holy wrath.
Found 17 gold pieces.
There is a stone staircase leading down here.
Natasha claws you.
* * * LOW HITPOINT WARNING * * *
The orc hits you with a +0 hand axe.
* * * LOW HITPOINT WARNING * * *
The orc priest calls down the wrath of Beogh upon you.
Beogh smites you!
You die... "Hey, that's my toy!"
Xom revives you!
Unknown command.
Unknown command.
You open the door. Natasha claws you.
You die...
Xom howls with laughter!

#........#
#........##
#......o$.#
#......oo.##
#..........
#....o...#
#.....o..#
+...h>o..#
#....@...#
#####'####
... .....
.......
.........
#####+#####


You could see 2 orc priests, an orc wizard, Natasha and 3 orcs.

Vanquished Creatures
  Terence (D:2)
  3 gnolls (D:2)
  2 oozes (D:1)
  2 dart slugs
  2 orcs (D:4)
  2 bats (D:1)
  A giant cockroach (D:1)
  4 goblins
  3 hobgoblins
  4 kobolds
  A frilled lizard (D:1)
  3 rats
28 creatures vanquished.

Notes
Turn   | Place    | Note
-------+----------+-------------------------------------------
     0 | D:1      | CryoSword the Ogre Chaos Knight began the quest for the
                  | Orb.
     0 | D:1      | Reached XP level 1. HP: 24/24 MP: 1/1
   145 | D:1      | Reached XP level 2. HP: 26/32 MP: 2/2
   261 | D:1      | XOM: harmless Tloc miscast
   442 | D:1      | Reached XP level 3. HP: 36/40 MP: 3/3
   810 | D:2      | XOM: potion effect (might)
   819 | D:1      | XOM: divination: detect items
   963 | D:2      | Noticed Terence
   980 | D:2      | Killed Terence
  1263 | D:2      | Reached XP level 4. HP: 49/49 MP: 4/4
  1677 | D:2      | XOM: smoke on damage
  1784 | D:1      | XOM: silly message
  2152 | D:2      | You fall into a shaft and drop 2 floors!
  2152 | D:4      | Found Peadoz's Distillery.
  2152 | D:4      | Noticed Natasha
  2173 | D:3      | Xom revived you
  2174 | D:3      | Slain by Natasha

Levels and vault maps discovered:
D:1:      lightli_arrival_maybe_door_vault, layout_basic, minmay_pentomino_o2
D:2:      layout_basic, uniq_terence
D:3:      layout_basic
D:4:      layout_rooms, old_standard_altar, yredelemnul_altar_generic,
          serial_shops, shop, lemuel_old_faithful, uniq_robin, uniq_natasha

Skill      XL: |  1 |
---------------+----+-----
Maces & Flails | 3 |  3.9
Fighting       | |  4.9
Dodging        | |  2.8

Action                   |  1- 3 |  4- 6 || total
-------------------------+-------+-------++-------
Melee: Mace              |    75 |    31 ||   106
Throw: Stone             |     4 |     1 ||     5
  Use: Scroll            |     1 |     2 ||     3
  Eat: Chunk             |     1 |     3 ||     4
Armor: Robe              |    40 |    17 ||    57
Dodge: Dodged            |    59 |    26 ||    85

Table legend:
 A = Non-vault XP
 B = Vault XP
 C = Vault XP percentage of total XP
 D = Non-vault monster count
 E = Vault monster count
 F = Vault count percentage of total count
                 A         B        C        D         E       F
            +---------+---------+-------+---------+---------+-------
      Total |      97 |      38 |  28.1 |      25 |       3 |  10.7
            +---------+---------+-------+---------+---------+-------
        D:1 |      36 |       2 |   5.3 |      14 |       2 |  12.5
        D:2 |      55 |      36 |  39.6 |       9 |       1 |  10.0
        D:4 |       6 |       0 |   0.0 |       2 |       0 |   0.0
            +---------+---------+-------+---------+---------+-------
